 Dungeon Crawl Stone Soup version 0.15-a0-462-gf669498 (webtiles) character file.

68 4tharraofdagon the Ducker (level 3, -3/23 HPs)
             Began as a Halfling Transmuter on May 6, 2014.
             Slain by an adder (5 damage)
             ... on Level 2 of the Dungeon.
             The game lasted 00:02:28 (347 turns).

4tharraofdagon the Ducker (Halfling Transmuter)      Turns: 347, Time: 00:02:29

HP  -3/23        AC  2     Str  7      XL: 3   Next: 92%
MP   2/5         EV 22     Int 13      God:
Gold 22          SH  0     Dex 22      Spells:  2 memorised,  1 level left

rFire  . . .     SeeInvis .       - Unarmed
rCold  . . .     Clarity  .     c - melded +0 robe
rNeg   . . .     Conserve .     (shield currently unavailable)
rPois  x         rCorr    .     (helmet currently unavailable)
rElec  .         rRot     .     (cloak currently unavailable)
SustAb . .       Spirit   .     (gloves currently unavailable)
rMut   .         Warding  .     (boots currently unavailable)
Saprov . . .     Stasis   .     (no amulet)
MR     .....                    (no ring)
                                (no ring)

@: spider-form (expiring), quick, not resistant to hostile enchantments,
unstealthy
A: mutation resistance 1, slow metabolism 1
a: End Transformation


You were on level 2 of the Dungeon.
You were not hungry.
You were in spider-form.
You visited 1 branch of the dungeon, and saw 2 of its levels.

You collected 22 gold pieces.

Inventory:

Missiles
 b - 12 arrows
Armour
 c - a +0 robe (melded)
Comestibles
 a - 2 bread rations
Scrolls
 e - a scroll of fog {unknown}
 f - a scroll of teleportation {unknown}
 g - a scroll of identify {unknown}
 h - a scroll of enchant weapon II {unknown}
Books
 d - a book of Changes

   Spells                             Type                      Level
   *Beastly Appendage                 Transmutation                1
   Sticks to Snakes                   Transmutation                2
   *Spider Form                       Transmutation/Poison         3
   Ice Form                           Ice/Transmutation            4
   Blade Hands                        Transmutation                5


   Skills:
 + Level 1.2 Fighting
 + Level 3.2 Dodging
 * Level 2.8 Unarmed Combat
 + Level 1.8 Spellcasting
 + Level 1.5 Transmutations


You had one spell level left.
You knew the following spells:

 Your Spells              Type           Power        Failure   Level  Hunger
a - Beastly Appendage     Trmt           #.....       36%         1    ##.....
b - Spider Form           Trmt/Pois      #.........   83%         3    ####...


Dungeon Overview and Level Annotations

Branches:
Dungeon (2/15)

Altars:


Innate Abilities, Weirdness & Mutations

You are small and have problems with some larger weapons.
You are somewhat resistant to further mutation.
You have a slow metabolism.


Message History

You turn into a venomous arachnid creature.
Your +0 robe melds into your body.
Unknown command.
Your transformation is almost over.
You barely miss the adder. The adder misses you. The adder bites you.
* * * LOW HITPOINT WARNING * * *
You closely miss the adder. The adder misses you.
Unknown command.
You hit the adder.
The adder is lightly wounded.
The adder misses you.
Unknown command.
You completely miss the adder.
The adder is lightly wounded.
The adder completely misses you.
Unknown command.
You hit the adder.
The adder is poisoned.
The adder is moderately wounded.
The adder completely misses you. The adder bites you.
You die...

........ ............#
.......# #......... ###.##.##
#...S.... ....%...######
#.....#.# #............#
#.##..#.# #
#.......####.####.##..#.#.#
......................#.#.#
#.......##.#.####S##%.#.#.####
#..............%s.#..........#
#.......##.#.######..........#
.............................#
##......##.#.######..........#
##.....%##.#.######..........#
...........>.................#
. ...........................#
...........................#
........#)#....###..........


You could see an adder.

Vanquished Creatures
  3 adders (D:2)
  7 hobgoblins
  2 ball pythons
  2 bats (D:2)
  2 giant newts (D:2)
  2 goblins (D:2)
  3 kobolds (D:2)
21 creatures vanquished.

Notes
Turn   | Place    | Note
--------------------------------------------------------------
     0 | D:1      | 4tharraofdagon, the Halfling Transmuter, began the quest for the Orb.
     0 | D:1      | Reached XP level 1. HP: 12/12 MP: 2/2
    18 | D:1      | Reached skill level 1 in Fighting
    55 | D:1      | Paralysed by a potion of paralysis for 7 turns
   114 | D:2      | Reached XP level 2. HP: 16/18 MP: 1/3
   131 | D:2      | Reached XP level 3. HP: 17/23 MP: 0/5
   136 | D:2      | Learned a level 3 spell: Spider Form
   174 | D:2      | Reached skill level 3 in Dodging
   347 | D:2      | Slain by an adder

Action                   || total
-------------------------++-------
Melee: Unarmed           ||    58
 Cast: Beastly Appendage ||    11
       Spider Form       ||     1
  Use: Potion            ||     2

Vault maps used:
D:1:      lemuel_arrival_funnel
D:2:      minmay_bad_closet
